 Dungeon Crawl Stone Soup version 0.31-a0-182-gc5ef74bbde (webtiles) character file.

Game seed: 1573058554421792262

226 qw the Chopper (level 6, -3/38 HPs)
             Began as a Gargoyle Fighter on June 20, 2023.
             Was an Initiate of Okawaru.
             Killed by divine providence
             ... invoked by an orc priest
              (13 damage)
             ... on level 5 of the Dungeon.
             The game lasted 00:01:13 (2819 turns).

qw the Chopper (Gargoyle Fighter)                   Turns: 2819, Time: 00:01:13

Health: -3/38      AC: 16    Str: 27    XL:     6   Next: 1%
Magic:  6/6        EV:  9    Int:  9    God:    Okawaru [......]
Gold:   97         SH:  5    Dex: 15    Spells: 5/5 levels left

rFire   . . .        Y - +0 war axe
rCold   . . .        c - +0 buckler
rNeg    + + .        g - +0 chain mail
rPois   inf          (no helmet)
rElec   +            k - +2 cloak "Duxerch" {rN+}
rCorr   .            (no gloves)
SInv    .            (no boots)
Will    .....        (no amulet) Stlth
                     i - +6 ring of dexterity
HPRegen 0.26/turn    m - +6 ring of strength
MPRegen 0.10/turn

%: no passive effects
@: no status effects
A: sickness immunity, AC +4, negative energy resistance 1, electricity
resistance, torment resistance 1, petrification resistance
a: Renounce Religion


You were on level 5 of the Dungeon.
You worshipped Okawaru.
Okawaru was noncommittal.
You visited 1 branch of the dungeon, and saw 5 of its levels.

You collected 179 gold pieces.
You spent 82 gold pieces at shops.


Innate Abilities, Weirdness & Mutations

You are immune to sickness and miasma.
Your stone body is resilient. (AC +4)
You are immune to poison.
You resist negative energy. (rN+)
You are resistant to electric shocks. (rElec)
You are resistant to unholy torment.
You are immune to petrification.


   Skills:
 + Level 3.7 Fighting
 - Level 5.0 Axes
 - Level 3.2 Armour
 - Level 1.1 Dodging
 - Level 3.2 Shields


You had 5 spell levels left.
You didn't know any spells.
Your spell library was empty.

Inventory:

Hand Weapons
 p - a +0 mace
 Y - a +0 war axe (weapon)
Armour
 c - a +0 buckler (worn)
 g - a +0 chain mail (worn)
 k - the +2 cloak "Duxerch" (worn) {rN+}
   (You found it on level 3 of the Dungeon)

   rN:        It protects you from negative energy.
Jewellery
 i - a +6 ring of dexterity (left hand)
 m - a +6 ring of strength (right hand)
Scrolls
 b - a scroll of identify
Potions
 d - a potion of might
 f - a potion of curing
 h - a potion of resistance
 j - a potion of mutation
 l - a potion of lignification {unknown}
 o - a potion of magic {unknown}

Dungeon Overview and Level Annotations

Branches:
Dungeon (5/15)
 Temple: D:4-7

Altars:
Cheibriados
Okawaru
Ru

Shops:
D:2 [?*?   D:3 (


Message History

The sleepcap barely misses you.
The orc priest looks braver for a moment.
The sleepcap releases spores at you but does no damage.
You slash the sleepcap!
The sleepcap is almost destroyed.
You completely miss the orc priest.
The sleepcap releases spores at you but does no damage.
The orc priest hits you with a +0 club.
You slash the sleepcap!
You destroy the sleepcap!
Okawaru accepts your kill.
You hit the orc priest but do no damage.
The orc priest hits you with a +0 club.
You have reached level 6!
You barely miss the orc priest.
The orc priest is lightly wounded.
You slash the worm!
The orc priest hits you but does no damage.
The worm bites you. The orc priest completely misses you.
You hit the worm.
The worm is heavily wounded.
You closely miss the orc priest. The orc priest completely misses you.
The worm barely misses you.
You hit the worm.
The worm is heavily wounded.
You barely miss the orc priest.
The orc priest invokes the aid of Beogh against you.
You barely resist. You block the worm's attack.
The orc priest barely misses you.
You barely miss the worm.
The worm is heavily wounded.
You barely miss the orc priest.
The orc priest looks encouraged for a moment.
You slash the worm!
You kill the worm!
Okawaru accepts your kill.
You closely miss the orc priest.
The orc priest invokes the aid of Beogh against you.
Beogh smites you!
You die...

#............
####............
................
...............
.............
#...........
#..)o.......
#..<@.......
.......))%...###
.....#....#..#
.... #....# .#
... ##.... .. ..
...... ## .
.......
###....##


You could see an orc priest.

Vanquished Creatures
  A scorpion (D:5)
  An orc priest (D:5)
  A sleepcap (D:5)
  2 adders (D:4)
  An ufetubus (D:4)
  2 worms
  2 dart slugs
  5 orcs
  5 ball pythons
  10 bats
  9 endoplasms
  A giant cockroach (D:1)
  7 goblins
  3 hobgoblins
  7 jackals (D:1)
  3 quokkas
  2 frilled lizards
  6 kobolds
  4 rats (D:1)
72 creatures vanquished.

Notes
Turn   | Place    | Note
-------+----------+-------------------------------------------
     0 | D:1      | qw the Gargoyle Fighter began the quest for the Orb.
     0 | D:1      | Reached XP level 1. HP: 14/14 MP: 1/1
     0 | D:1      | 0 ||| qw: Version: 0.3-a-9-g12657ce
     0 | D:1      | 0 ||| qw: Game counter: 1381
     0 | D:1      | 0 ||| qw: Always use a shield: true
     0 | D:1      | 0 ||| qw: God list: Okawaru
     0 | D:1      | 0 ||| qw: Allow faded altars: false
     0 | D:1      | 0 ||| qw: Do Orc after D:15 true
     0 | D:1      | 0 ||| qw: Do second Lair branch before Depths: true
     0 | D:1      | 0 ||| qw: Lair rune preference: random
     0 | D:1      | 0 ||| qw: Plans: Normal, Zot:1-4, Slime:5, God:TSO, Crypt,
                  | Tomb, Abyss, Pan, Hells, Win
     0 | D:1      | 0 ||| PLANNING D:1-11
    55 | D:1      | 55 ||| Stepping ~*~*~tactically~*~*~ (stealth).
    57 | D:1      | 57 ||| Stepping ~*~*~tactically~*~*~ (hiding).
    61 | D:1      | Reached skill level 2 in Axes
    62 | D:1      | 62 ||| Stepping ~*~*~tactically~*~*~ (stealth).
    75 | D:1      | 75 ||| Stepping ~*~*~tactically~*~*~ (stealth).
    76 | D:1      | 76 ||| Stepping ~*~*~tactically~*~*~ (stealth).
    77 | D:1      | 77 ||| Stepping ~*~*~tactically~*~*~ (stealth).
    78 | D:1      | 78 ||| Stepping ~*~*~tactically~*~*~ (stealth).
    89 | D:1      | Reached XP level 2. HP: 13/19 MP: 2/2
   251 | D:1      | Reached skill level 3 in Axes
   258 | D:1      | Reached XP level 3. HP: 21/23 MP: 3/3
   614 | D:1      | 614 ||| Stepping ~*~*~tactically~*~*~ (stealth).
   876 | D:1      | 876 ||| UPGRADING to +0 chain mail.
   886 | D:1      | 886 ||| DROPPING +0 scale mail.
   887 | D:1      | 887 ||| UPGRADING to +6 ring of dexterity.
   888 | D:1      | 888 ||| READING scroll labelled LUKOFU XUDGHACY.
   889 | D:1      | 889 ||| READING scroll labelled NECIMU VELUBO.
   949 | D:2      | Found Keshras's Magic Scroll Shop.
   965 | D:2      | 965 ||| SHOPLISTING 3 scrolls of teleportation (117 gold,
                  | have 70).
   965 | D:2      | 965 ||| BUYING scroll of identify (26 gold).
   965 | D:2      | Bought a scroll of identify for 26 gold pieces
   965 | D:2      | 965 ||| BUYING scroll of identify (26 gold).
   965 | D:2      | Bought a scroll of identify for 26 gold pieces
   965 | D:2      | 965 ||| SHOPLISTING scroll of teleportation (39 gold, have
                  | 18).
  1043 | D:2      | Found Quadutoi's Magic Scroll Shoppe.
  1046 | D:2      | Found Zoleacae's General Store.
  1053 | D:2      | 1053 ||| SHOPLISTING scroll of enchant armour (105 gold,
                  | have 18).
  1053 | D:2      | 1053 ||| SHOPLISTING scroll of enchant weapon (105 gold,
                  | have 18).
  1053 | D:2      | 1053 ||| SHOPLISTING scroll of identify (28 gold, have 18).
  1053 | D:2      | 1053 ||| SHOPLISTING scroll of teleportation (42 gold, have
                  | 18).
  1056 | D:2      | 1056 ||| SHOPLISTING +0 flail (49 gold, have 18).
  1056 | D:2      | 1056 ||| SHOPLISTING potion of attraction (42 gold, have
                  | 18).
  1056 | D:2      | 1056 ||| SHOPLISTING scroll of identify (28 gold, have 18).
  1315 | D:2      | Found Wenkumi's Antique Armour Emporium.
  1318 | D:2      | 1318 ||| SHOPLISTING brightly glowing chain mail (237 gold,
                  | have 51).
  1318 | D:2      | 1318 ||| SHOPLISTING cloak (112 gold, have 51).
  1318 | D:2      | 1318 ||| SHOPLISTING faintly glowing ring mail (225 gold,
                  | have 51).
  1318 | D:2      | 1318 ||| SHOPLISTING helmet (112 gold, have 51).
  1318 | D:2      | 1318 ||| SHOPLISTING runed chain mail (187 gold, have 51).
  1318 | D:2      | 1318 ||| SHOPLISTING scorched ring mail (225 gold, have
                  | 51).
  1563 | D:2      | 1563 ||| UPGRADING to +6 ring of strength.
  1564 | D:2      | 1564 ||| READING scroll labelled WAMEROBA EROF.
  1565 | D:2      | 1565 ||| READING scroll labelled HOBAET UXENO.
  1570 | D:2      | 1570 ||| READING 2 scrolls of identify.
  1570 | D:2      | 1570 ||| IDENTIFYING viscous pink potion
  1597 | D:3      | Identified the +2 cloak "Duxerch" {rN+}
  1723 | D:3      | Found a snail-covered altar of Cheibriados.
  1751 | D:3      | Reached XP level 4. HP: 28/28 MP: 4/4
  1900 | D:3      | Found a sacrificial altar of Ru.
  1934 | D:3      | Found Wyasopu's Weapon Shoppe.
  1946 | D:3      | 1946 ||| SHOPLISTING +0 hand axe of Pyromania {flame, Will+
                  | rCorr} (236 gold, have 98).
  1946 | D:3      | 1946 ||| BUYING +0 mace (30 gold).
  1946 | D:3      | Bought a +0 mace for 30 gold pieces
  1946 | D:3      | 1946 ||| SHOPLISTING +3 mace of holy wrath (224 gold, have
                  | 68).
  1946 | D:3      | 1946 ||| DROPPING +0 club.
  2101 | D:3      | 2101 ||| UPGRADING to +2 cloak "Duxerch" {rN+}.
  2106 | D:3      | 2106 ||| READING scroll labelled MIJOFFIFETEE.
  2107 | D:3      | 2107 ||| DRINKING 2 fizzy clear potions.
  2108 | D:3      | 2108 ||| DRINKING 2 sedimented yellow potions.
  2131 | D:4      | Reached skill level 4 in Axes
  2200 | D:4      | 2200 ||| Stepping ~*~*~tactically~*~*~ (hiding).
  2203 | D:4      | 2203 ||| Stepping ~*~*~tactically~*~*~ (hiding).
  2333 | D:4      | 2333 ||| Stepping ~*~*~tactically~*~*~ (hiding).
  2334 | D:4      | 2334 ||| Stepping ~*~*~tactically~*~*~ (hiding).
  2522 | D:4      | Found an iron altar of Okawaru.
  2523 | D:4      | 2523 ||| PLANNING OKAWARU WORSHIP
  2523 | D:4      | 2523 ||| READING scroll labelled JUANGA GEUJ.
  2524 | D:4      | 2524 ||| READING 2 scrolls of identify.
  2524 | D:4      | 2524 ||| IDENTIFYING smoky ruby potion
  2527 | D:4      | Became a worshipper of Warmaster Okawaru
  2528 | D:4      | 2528 ||| PLANNING D:1-11
  2740 | D:4      | Reached skill level 1 in Dodging
  2798 | D:5      | Entered Level 5 of the Dungeon
  2798 | D:5      | Noticed a scorpion
  2799 | D:5      | 2799 ||| PLANNING OSSUARY
  2802 | D:5      | HP: 7/28 [orc/+0 flail (5)]
  2803 | D:5      | 2803 ||| DRINKING potion of heal wounds.
  2804 | D:5      | Killed a scorpion
  2805 | D:5      | Reached XP level 5. HP: 32/32 MP: 5/5
  2811 | D:5      | HP: 8/32 [orc priest/+0 club (1)]
  2812 | D:5      | Reached skill level 5 in Axes
  2815 | D:5      | Reached XP level 6. HP: 9/38 MP: 6/6
  2819 | D:5      | Killed from afar by an orc priest

Levels and vault maps discovered:
D:1:      dpeg_cavernosity, layout_basic
D:2:      layout_loops_ring, serial_shops, nicolae_shop_real_fake_doors,
          shop_statue, nicolae_square_shop, nicolae_shop_tiny_glass
D:3:      layout_loops_cross, old_standard_altar, mainiacjoe_overflow_24_doors,
          serial_shops, shop
D:4:      layout_basic, kennysheep_mini_moat
D:5:      layout_cave_pools, minmay_temple_entry_proselytizer,
          nicolae_ossuary_entry_giza, nicolae_inconvenience_store

Skill      XL: |  1  2  3  4  5 |
---------------+----------------+-----
Axes           | 2 3 4 5 |  5.0
Dodging        | 1 |  1.1
Fighting       | |  3.7
Armour         | |  3.2
Shields        | |  3.2

Action                     |  1- 3 |  4- 6 || total
---------------------------+-------+-------++-------
  Melee: War axe           |    98 |    55 ||   153
    Use: Scroll            |     5 |     3 ||     8
         Potion            |       |     3 ||     3
 Armour: Scale mail        |    54 |       ||    54
         Chain mail        |    12 |    27 ||    39
  Dodge: Dodged            |    47 |    34 ||    81
  Block: Buckler           |    20 |    16 ||    36

Table legend:
 A = Non-vault XP
 B = Vault XP
 C = Vault XP percentage of total XP
 D = Non-vault monster count
 E = Vault monster count
 F = Vault count percentage of total count
                 A         B        C        D         E       F
            +---------+---------+-------+---------+---------+-------
      Total |     278 |      50 |  15.2 |      67 |       5 |   6.9
            +---------+---------+-------+---------+---------+-------
        D:1 |      47 |       7 |  13.0 |      29 |       4 |  12.1
        D:2 |      19 |       0 |   0.0 |      10 |       0 |   0.0
        D:3 |      18 |       0 |   0.0 |       9 |       0 |   0.0
        D:4 |      53 |       0 |   0.0 |      12 |       0 |   0.0
        D:5 |     141 |      43 |  23.4 |       7 |       1 |  12.5
            +---------+---------+-------+---------+---------+-------
